Unix NetHack Version 5.0.0-0 post-release - last build Jun 10 2026 00:39:30 (3ee93aec679c4c4259841fe613dc97188e26a321,branch:main).

Game began 2026-06-13 13:14:54, ended 2026-06-13 13:24:15.

DiePARTEI, neutral male human Tourist

            ----             ----        ------
          ---..--         ----..|    -----.--.--
          |.....|        --.....------.........---           ---        -----
          |....--       --....-..(...*.|.........--         --.--       |...--
        ---....--       |.--......*----|....--....|-----   --...|       |-...--
        |.......|      -----.--....|   --..--|-...--...|   |....|       |.....|
      ---......------  |%.@G.|----.|-----..| |.........--  |...--      --....-|
     --........|-...|  |)----- --..--.|....----.........----...|      --......|
    --.......--|....|  |.|     |<...........---..........|...|.|      |......--
    |........| |....|  |)|     |.......................*.|.--|.------ |......--
    |......-----..--- --.|     --...............*.....|.-|.| |..|...| |.|.|...|
    |....---|....>|   |..|      --.*|.........--..|..----|.| --.....--|.|------
    |..---  |.---.--  |.--       -------...-----------   |.|  -----...|.|
    --.|    |.| |..-- |.---            |...--            |.|      ---.|.--
     |.|   --.| --..--|...--           |....|----        |.|        |....--
    --.-----..|  --...|....|           ----.|.|.|       --.|        |.--..|
    |........--   |........|              |.....|       |..|      ---.--..|
    --.-------    ---.....--              |.....---------.--      |......--
     ---            |.....|               --..............|       |...|.--
                    --.----                -------------..|       --.----
                     ---                               ----        ---
DiePARTEI the Sightseer     St:8 Dx:13 Co:14 In:13 Wi:10 Ch:18  Neutral
Dlvl:6  $:373 HP:0(43) Pw:18(18) AC:7  Xp:4 T:911 

Latest messages:
 The dagger welds itself to the dwarf's hand!
 In what direction? 2
 You kill the dwarf!
 There are several objects here.
 a - 2 +2 darts (at the ready) (13 in total).
 H - a pair of hard shoes.
 The hobbit picks up a hooded cloak.
 You see here 2 +2 darts.
 The hobbit picks up a cursed dagger.
 a - 2 +2 darts (at the ready) (15 in total).
 The hobbit tries to wield a cursed dagger.
 The hobbit's sling is welded to his hand!
 What do you want to wear? [BH or ?*] ?
 The hobbit picks up a rock.
 The dwarf wields a dagger!
 You finish your dressing maneuver.
 In what direction? 8
 You kill the hobbit!
 You see here a dwarf corpse.
 There are several objects here.
 The gnome wields a thonged club!
 The gnome secures the tether on the thonged club.
 The thonged club welds itself to the gnome's hand!
 In what direction? 2
 The dart misses the dwarf.
 The gnome throws a thonged club!
 You are hit by a thonged club.
 The thonged club returns to the gnome's hand!
 In what direction? 6
 You kill the gnome!
 In what direction? 2
 The dart hits the dwarf.
 In what direction? 2
 The dart hits the dwarf!
 The dwarf thrusts his dagger.
 The dwarf hits!
 What do you want to use or apply? [opC or ?*] o
 In what direction? 2
 The dwarf is blinded by the flash!
 There are several objects here.
 a - a +2 dart (at the ready) (11 in total).
 t - a white gem (2 in total).
 You learn more about your items by comparing them.
 e - an uncursed food ration (5 in total).
 In what direction? 6
 The dart hits the gnome.
 The gnome hits!
 You die...
 Do you want your possessions identified? [ynq] (y) y
 Do you want to see your attributes? [ynq] (y) q

Inventory:
 Coins    ('$')
  $ - 373 gold pieces
 Weapons  (')')
  a - 10 +2 darts (at the ready)
  q - a +0 orcish dagger
 Armor    ('[')
  r - an uncursed +0 orcish helm (being worn)
  v - an uncursed +0 orcish helm
  H - an uncursed +0 pair of iron shoes (being worn)
  B - a cursed -1 pair of levitation boots named cursed
  n - an uncursed +0 Hawaiian shirt with a sailboat motif (being worn)
 Comestibles  ('%')
  g - an uncursed slime mold
  f - 2 uncursed apples
  e - 5 uncursed food rations
  h - an uncursed fortune cookie
  c - an uncursed tripe ration
  d - an uncursed tin of deep fried lichen
  i - an uncursed tin of pickled goblin meat
  z - an uncursed tin of pureed lichen
  b - an uncursed tin of spinach
  w - an uncursed lichen corpse
 Scrolls  ('?')
  A - an uncursed scroll of confuse monster
  s - 2 uncursed scrolls of identify
  l - a blessed scroll of magic mapping
  m - an uncursed scroll of magic mapping
  u - an uncursed scroll of teleportation
 Potions  ('!')
  y - an uncursed potion of gain energy
  x - a cursed potion of monster detection
 Rings    ('=')
  E - an uncursed ring of cold resistance
  F - an uncursed ring of free action
 Tools    ('(')
  p - an uncursed credit card
  o - an expensive camera (0:71)
  C - a cursed partly used wax candle (lit)
 Gems/Stones  ('*')
  D - an uncursed worthless piece of violet glass
  t - 2 uncursed worthless pieces of white glass
  G - an uncursed worthless piece of yellow glass

DiePARTEI the Tourist's attributes:

Background:
 You were a Sightseer, a level 4 male human Tourist.
 You were neutral, on a mission for The Lady
 who was opposed by Blind Io (lawful) and Offler (chaotic).
 You were right-handed.
 You were in the Gnomish Mines, on level 6.
 You entered the dungeon 911 turns ago.
 You had 147 experience points, 13 more were needed to attain level 5.

Basics:
 You had 0 out of 43 hit points.
 You had all 18 energy points (spell power).
 Your armor class was 7.
 Your wallet contained 373 zorkmids.
 Autopickup was off.

Final Characteristics:
 Your strength was 8 (limit:18/100).
 Your dexterity was 13 (limit:18).
 Your constitution was 14 (limit:18).
 Your intelligence was 13 (limit:18).
 Your wisdom was 10 (limit:18).
 Your charisma was 18 (limit:18).

Final Status:
 You weren't hungry.
 You were unencumbered.
 You were bare handed.
 You were unskilled in bare handed combat.

Final Attributes:
 You were devoutly aligned.
 You are dead.

Miscellaneous:
 You didn't encounter any bones levels.
 Total elapsed playing time was 9 minutes and 19 seconds.

Major events:
 Turn
    1: DiePARTEI the neutral male human Tourist entered the dungeon
  689: entered the Gnomish Mines
  707: attained the rank of Sightseer (level 3)
  911: killed by a gnome

You didn't know any spells.

Skills:
 Fighting Skills
   bare handed combat [Unskilled]
   two weapon combat  [Unskilled]
   riding             [Unskilled]
 Weapon Skills
   dagger             [Unskilled]
   knife              [Unskilled]
   axe                [Unskilled]
   pick-axe           [Unskilled]
   short sword        [Unskilled]
   broadsword         [Unskilled]
   long sword         [Unskilled]
   two-handed sword   [Unskilled]
   saber              [Unskilled]
   mace               [Unskilled]
   morning star       [Unskilled]
   flail              [Unskilled]
   hammer             [Unskilled]
   quarterstaff       [Unskilled]
   polearms           [Unskilled]
   spear              [Unskilled]
   trident            [Unskilled]
   lance              [Unskilled]
   bow                [Unskilled]
   sling              [Unskilled]
   crossbow           [Unskilled]
   dart               [Basic]
   shuriken           [Unskilled]
   boomerang          [Unskilled]
   whip               [Unskilled]
   unicorn horn       [Unskilled]
 Spellcasting Skills
   divination spells  [Unskilled]
   enchantment spells [Unskilled]
   escape spells      [Unskilled]

Voluntary challenges:
 Character rerolling was not enabled.
 You never hit with a wielded weapon.
 You never genocided any monsters.
 You never polymorphed an object.
 You never changed form.
 You used no wishes.
Achievements:
 You entered the Gnomish Mines.
 You attained the rank of Sightseer.

 The Dungeons of Doom: levels 1 to 4
    Level 1:
       A fountain.
    Level 2:
       A fountain.
    Level 3:
    Level 4:
       A fountain.
       Stairs down to The Gnomish Mines.
 The Gnomish Mines: levels 5 to 6
    Level 5:
    Level 6: <- You were here.
       Final resting place for
          you, killed by a gnome.


Vanquished creatures:
  a dog
  2 gnome leaders
  a gnomish wizard
  a dwarf
  a hobbit
  6 gnomes
  a gecko
  3 jackals
  a kobold
  2 goblins
  a grid bug
  2 lichens
  6 newts
28 creatures vanquished.

No species were genocided or became extinct.

Game over:
                       ----------
                      /          \
                     /    REST    \
                    /      IN      \
                   /     PEACE      \
                  /                  \
                  |    DiePARTEI     |
                  |      373 Au      |
                  |   killed by a    |
                  |      gnome       |
                  |                  |
                  |                  |
                  |       2026       |
                 *|     *  *  *      | *
        _________)/\\_//(\/(/\)/\//\/|_)_______

Aloha DiePARTEI the Tourist...

You died in The Gnomish Mines on dungeon level 6 with 880 points,
and 373 pieces of gold, after 911 moves.
You were level 4 with a maximum of 43 hit points when you died.

